 Dungeon Crawl Stone Soup version 0.21-a0-84-g85d6d27 (webtiles) character file.

47 grindst0ne the Shield-Bearer (level 3, 0/29 HPs)
             Began as a Formicid Fighter on June 24, 2017.
             Slain by Natasha (1 damage)
             ... on level 2 of the Dungeon.
             The game lasted 00:01:24 (874 turns).

grindst0ne the Shield-Bearer (Formicid Fighter)      Turns: 874, Time: 00:01:25

Health: 0/29       AC:  9    Str: 20    XL:     3   Next: 97%
Magic:  3/3        EV:  6    Int:  7    God:
Gold:   45         SH: 10    Dex: 11    Spells: 2/2 levels left

rFire    . . .     SeeInvis +   a - +0 war axe
rCold    . . .     Gourm    .   c - +0 shield
rNeg     . . .     Faith    .   p - +0 chain mail
rPois    .         Spirit   .   (helmet unavailable)
rElec    .         Reflect  .   (no cloak)
rCorr    .         Harm     .   (no gloves)
MR       .....                  (no boots)
Stlth    ..........             (no amulet)
HPRegen  0.09/turn              (no ring)
MPRegen  0.08/turn              (no ring)

@: no status effects
A: permanent stasis, dig shafts and tunnels, four strong arms, antennae 3
a: Dig, Shaft Self


You were on level 2 of the Dungeon.
You were not hungry.

You visited 1 branch of the dungeon, and saw 2 of its levels.

You collected 45 gold pieces.

Inventory:

Hand Weapons
 a - a +0 war axe (weapon)
 n - a +1 short sword of draining
Armour
 b - a +0 scale mail
 c - a +0 shield (worn)
 l - a +0 large shield
 p - a +0 chain mail (worn)
Jewellery
 i - a cursed ring of teleportation {unknown}
Scrolls
 e - 2 scrolls of enchant weapon {unknown}
 h - 2 scrolls of remove curse {unknown}
 j - 4 scrolls of identify {unknown}
 k - 2 scrolls of teleportation {unknown}
 o - a scroll of random uselessness {unknown}
Potions
 d - a potion of might
 m - a potion of mutation {unknown}
Comestibles
 f - a bread ration
 g - 2 chunks of flesh


   Skills:
 - Level 3.2 Fighting
 - Level 2.0 Axes
 - Level 3.2 Armour
 + Level 5.5 Shields


You had 2 spell levels left.
You didn't know any spells.

Dungeon Overview and Level Annotations

Branches:
Dungeon (2/15)

Altars:

Annotations:
D:2 Natasha


Innate Abilities, Weirdness & Mutations

You cannot be hasted, slowed, berserked, paralysed or teleported.
You can dig through walls and to a lower floor.
Your four strong arms can wield two-handed weapons with a shield.
You have a pair of large antennae on your head. (SInv)


Message History

You kill the shadow imp!
Natasha closely misses you.
You hit Natasha but do no damage. You block Natasha's attack.
You slash Natasha!
Natasha is almost dead.
Natasha claws you. Natasha closely misses you.
You closely miss Natasha.
Natasha is almost dead.
Natasha claws you.
You closely miss Natasha.
Natasha is severely wounded.
Natasha stares at you and mumbles some strange words.
The magic dart hits you!
You hit Natasha but do no damage.
Natasha is severely wounded.
Natasha casts a spell at you. The magic dart hits you!
* * * LOW HITPOINT WARNING * * *
Natasha claws you.
You die...

#.#########.# ##'#....... #.#
####.########.....####. #.#
#......................
##.######...#####......[.....##
#.........................##.#.
#################............#.
###..5.5.........
##h#{.........###.
#@#{####.......... #####
#......#### ##.#+#.# { ... .#
..


You could see Natasha.

Vanquished Creatures
  Natasha (D:2)
  A leopard gecko (D:1)
  6 bats
  2 giant cockroaches (D:2)
  2 goblins
  4 hobgoblins
  2 kobolds (D:2)
  A ball python (D:1)
  2 rats (D:2)
21 creatures vanquished.

Notes
Turn   | Place    | Note
-------+----------+-------------------------------------------
     0 | D:1      | grindst0ne the Formicid Fighter began the quest for the Orb.
     0 | D:1      | Reached XP level 1. HP: 18/18 MP: 1/1
   185 | D:1      | Reached skill level 4 in Shields
   251 | D:1      | Reached XP level 2. HP: 18/24 MP: 2/2
   598 | D:2      | Reached XP level 3. HP: 29/29 MP: 3/3
   705 | D:2      | Noticed Natasha
   714 | D:2      | Killed Natasha
   714 | D:2      | Reached skill level 5 in Shields
   858 | D:2      | Noticed Natasha
   874 | D:2      | HP: 1/29 [Natasha/magic dart (8)]
   874 | D:2      | Slain by Natasha

Vault maps used:
D:1:      dpeg_arrival_arbitrary_c
D:2:      uniq_natasha, uniq_crazy_yiuf_cottage

Skill      XL: |  1  2  3 |
---------------+----------+-----
Shields        | 4 5 |  5.5
Fighting       | |  3.2
Axes           | |  2.0
Armour         | |  3.2

Action                   || total
-------------------------++-------
Melee: War axe           ||    68
       Short sword       ||     1
 Abil: Dig               ||     1
Armor: Scale mail        ||    21
       Chain mail        ||    10
Dodge: Dodged            ||    30
Block: Shield            ||    42
